 Dungeon Crawl Stone Soup version 0.19.1-1-g22dce08 (webtiles) character file.

2759 Haldmier the Insei (level 9, 0/48 HPs)
             Began as a Vine Stalker Transmuter on Jan 2, 2017.
             Was a Believer of Makhleb.
             Slain by a hippogriff (2 damage)
             ... on level 8 of the Dungeon.
             The game lasted 00:30:19 (7644 turns).

Haldmier the Insei (Vine Stalker Transmuter)        Turns: 7644, Time: 00:30:20

Health: 0/48       AC:  6    Str: 17    XL:     9   Next: 69%
Magic:  0/13       EV: 12    Int: 16    God:    Makhleb [**....]
Gold:   284        SH:  0    Dex: 14    Spells: 3 memorised, 6 levels left

rFire  + . .     SeeInvis .     F - +5 short sword of Rotation {pierce, rElec Str+3}
rCold  + . .     Gourm    .     N - +2 leather armour {rF+}
rNeg   . . .     Faith    .     (no shield)
rPois  .         Spirit   +     (no helmet)
rElec  +         Reflect  .     J - +0 cloak
rCorr  .         Harm     .     (no gloves)
MR     +....                    (no boots)
Stlth  +++.......               (no amulet)
                                (no ring)
                                s - ring of protection from cold

@: appendage
A: fangs 3, horns 2, regeneration 1, magic shield, antimagic bite, no device
heal 3, rot immunity
a: End Transformation, Minor Destruction, Renounce Religion


You were on level 8 of the Dungeon.
You worshipped Makhleb.
Makhleb was pleased with you.
You were not hungry.
You had grown temporary horns.
You visited 1 branch of the dungeon, and saw 8 of its levels.

You collected 428 gold pieces.
You spent 144 gold pieces at shops.

Inventory:

Hand Weapons
 f - a +2 dagger of venom
 F - the +5 short sword of Rotation (weapon) {pierce, rElec Str+3}
   (You took it off a crimson imp on level 5 of the Dungeon)

   It inflicts extra damage upon your enemies.
   It affects your strength (+3).
   It insulates you from electricity.
 I - the +1 mace "Ygalego" {flame, rElec rC++}
   (You found it on level 6 of the Dungeon)

   It has been specially enchanted to burn those struck by it, causing extra
   injury to most foes and up to half again as much damage against particularly
   susceptible opponents.
   It greatly protects you from cold.
   It insulates you from electricity.
Missiles
 a - 33 arrows
 h - 301 stones (quivered)
Armour
 y - a +1 robe of the Archmagi
 J - a +0 cloak (worn)
 N - a +2 leather armour of fire resistance (worn)
Magical Staves
 A - an uncursed staff of wizardry
Jewellery
 s - a ring of protection from cold (left hand)
 t - an uncursed ring of fire
Wands
 b - a wand of polymorph (16/24)
 G - a wand of iceblast (8/15)
 M - a wand of polymorph (13/24)
Scrolls
 l - a scroll of blinking
 n - 2 scrolls of identify
 o - a scroll of immolation
 p - 3 scrolls of teleportation
 q - 4 scrolls of magic mapping
 r - 3 scrolls of remove curse
Potions
 e - 2 potions of haste
 g - a potion of mutation {unknown}
 i - 2 potions of brilliance
 j - 5 potions of curing
 u - a potion of magic
 w - 4 potions of cancellation
 x - a potion of invisibility {unknown}
 B - a potion of agility {unknown}
 E - a potion of lignification {unknown}
 L - 2 potions of might {unknown}
 P - a potion of cure mutation {unknown}
Books
 c - a book of Changes

   Spells                             Type                      Level
   a - Beastly Appendage              Transmutation                1
   b - Sticks to Snakes               Transmutation                2
   c - Spider Form                    Transmutation/Poison         3
   d - Ice Form                       Ice/Transmutation            4
   e - Blade Hands                    Transmutation                5
Comestibles
 d - 5 bread rations
 k - 2 fruits
 m - 2 beef jerkies
 v - a slice of pizza
 z - a meat ration
 C - a chunk of flesh


   Skills:
 + Level 6.3 Fighting
 - Level 1.5 Dodging
 - Level 5.5 Stealth
 + Level 7.2 Unarmed Combat
 - Level 2.1 Spellcasting
 + Level 6.8 Transmutations
 - Level 2.0 Poison Magic
 + Level 2.9 Invocations


You had 6 spell levels left.
You knew the following spells:

 Your Spells              Type           Power        Failure   Level  Hunger
a - Beastly Appendage     Tmut           ###...       1%          1    #......
b - Sticks to Snakes      Tmut           ###.....     2%          2    ###....
c - Spider Form           Tmut/Pois      ###.......   12%         3    ###....


Dungeon Overview and Level Annotations

Branches:
Dungeon (8/15)             Temple (0/1) D:7
   Lair: D:8-11

Altars:
Ashenzari
Dithmenos
Elyvilon
Fedhas
Gozag
Hepliaklqana
Makhleb
Nemelex Xobeh
Okawaru
Qazlal
Trog
The Shining One

Shops:
D:5 }

Annotations:
D:5 exclusion: oklob plant


Innate Abilities, Weirdness & Mutations

You have razor-sharp teeth.
Your natural rate of healing is unusually fast.
When hurt, damage is shared between your health and your magic reserves.
Your bite disrupts and absorbs the magic of your enemies.
Potions and wands cannot restore your health.
You are immune to rotting.
You have a pair of horns on your head.


Message History

The hippogriff is almost dead.
The hippogriff bites you! The hippogriff misses you.
The hippogriff closely misses you. The hippogriff bites you!
The hippogriff closely misses you. The hippogriff claws you.
You take 16 damage, and have 18/48 hp.
MASSIVE DAMAGE!!
You now have 3/13 mp.
You hit the hippogriff but do no damage.
Your bite misses the hippogriff.
The hippogriff is almost dead.
The hippogriff bites you!
* * * LOW HITPOINT WARNING * * *
The hippogriff misses you. The hippogriff claws you.
* * * LOW HITPOINT WARNING * * *
You take 11 damage, and have 7/48 hp.
MASSIVE DAMAGE!!
You now have 2/13 mp.
You barely miss the hippogriff. You bite the hippogriff. You drain its power.
You feel invigorated.
The hippogriff is almost dead.
The hippogriff bites you!
* * * LOW HITPOINT WARNING * * *
The hippogriff pecks you.
You die...

.. ... #... #..#
#..# #<.###
#.H.## .. #@.##
..#
#####..#####..##
##
#..............#
#.
#..............#
##.
##.............#
#..
#..............#
##..
#..............#
#...
##.....<..))...##
##...
#.........)....##
#.>..


You could see a hippogriff.

Vanquished Creatures
  Sigmund (D:6)
  Eustachio (D:6)
  A water moccasin (D:8)
  2 orc warriors (D:7)
  An ice beast (D:7)
  4 ogres
  A phantom (D:7)
  3 big kobolds
  3 bullfrogs
  A gnoll sergeant (D:7)
  A water moccasin skeleton (D:5)
  A scorpion (D:7)
  4 howler monkeys
  5 crimson imps
  2 hounds
  4 orc priests
  3 orc wizards
  Crazy Yiuf (D:6)
  Jessica (D:2)
  A bullfrog skeleton (D:7)
  An iguana (D:4)
  6 worker ants
  A howler monkey zombie (D:5)
  5 gnolls (D:7)
  8 adders
  A shadow imp (D:6)
  2 oozes
  An adder skeleton (D:5)
  An adder zombie (D:6)
  3 worms
  3 dart slugs
  4 leopard geckos
  26 orcs
  5 bats
  6 giant cockroaches
  6 goblins
  8 hobgoblins
  11 jackals
  5 quokkas
  2 ball pythons
  7 frilled lizards
  24 kobolds
  6 rats
183 creatures vanquished.

Notes
Turn   | Place    | Note
-------+----------+-------------------------------------------
     0 | D:1      | Haldmier the Vine Stalker Transmuter began the quest for the Orb.
     0 | D:1      | Reached XP level 1. HP: 9/9 MP: 4/4
    16 | D:1      | Noticed an electric eel
    75 | D:1      | Reached skill level 1 in Fighting
   262 | D:1      | Reached XP level 2. HP: 14/14 MP: 3/6
   641 | D:1      | Reached XP level 3. HP: 18/18 MP: 7/7
   645 | D:1      | Learned a level 2 spell: Sticks to Snakes
   649 | D:1      | Learned a level 3 spell: Spider Form
  1653 | D:2      | Gained mutation: Your natural rate of healing is unusually fast. [Vine Stalker growth]
  1653 | D:2      | Reached XP level 4. HP: 23/23 MP: 5/8
  1830 | D:2      | Noticed Jessica
  1835 | D:2      | Killed Jessica
  2153 | D:2      | Found a bloodstained altar of Trog.
  2159 | D:2      | Found a stormy altar of Qazlal.
  2336 | D:3      | Reached XP level 5. HP: 28/28 MP: 9/9
  2460 | D:3      | Reached skill level 1 in Stealth
  2473 | D:3      | Found a sparkling altar of Nemelex Xobeh.
  2817 | D:3      | Reached skill level 4 in Unarmed Combat
  2817 | D:3      | Reached XP level 6. HP: 23/32 MP: 7/10
  3069 | D:3      | Found a burning altar of Makhleb.
  3085 | D:3      | Became a worshipper of Makhleb the Destroyer
  3132 | D:3      | Found a sparkling altar of Nemelex Xobeh.
  3259 | D:4      | Found a burning altar of Makhleb.
  3496 | D:4      | Reached XP level 7. HP: 28/37 MP: 11/11
  3765 | D:4      | Found a shattered altar of Ashenzari.
  3765 | D:4      | Found a hazy altar of Hepliaklqana.
  3770 | D:4      | Found a glowing golden altar of the Shining One.
  3773 | D:4      | Found a faded altar of an unknown god.
  3774 | D:4      | Found a faded altar of an unknown god.
  3880 | D:4      | Reached skill level 1 in Poison Magic
  4179 | D:5      | Entered Level 5 of the Dungeon
  4326 | D:5      | Reached * piety under Makhleb
  4407 | D:5      | Found a blossoming altar of Fedhas.
  4425 | D:5      | Noticed an oklob plant
  4881 | D:5      | Found Voujuk Koce's Gadget Shop.
  4976 | D:5      | Got a faintly glowing short sword {pierce}
  4987 | D:5      | Identified the +5 short sword of Rotation {pierce, rElec Str+3} (You took it off a crimson imp on level 5 of the Dungeon)
  5220 | D:6      | Reached skill level 5 in Unarmed Combat
  5220 | D:6      | Gained mutation: You have razor-sharp teeth. [Vine Stalker growth]
  5220 | D:6      | Reached XP level 8. HP: 42/42 MP: 12/12
  5266 | D:6      | Found a white marble altar of Elyvilon.
  5370 | D:6      | Got an encrusted mace
  5376 | D:6      | Found a runed door.
  5382 | D:6      | Noticed Crazy Yiuf
  5387 | D:6      | Killed Crazy Yiuf
  5387 | D:6      | Reached skill level 5 in Transmutations
  5538 | D:6      | Found a shattered altar of Ashenzari.
  5634 | D:6      | Noticed Eustachio
  5657 | D:6      | Killed Eustachio
  5786 | D:6      | Reached skill level 5 in Stealth
  5808 | D:6      | Noticed Sigmund
  5827 | D:6      | Killed Sigmund
  5827 | D:6      | Reached skill level 5 in Fighting
  5980 | D:6      | Identified the cursed +1 mace "Ygalego" {flame, rElec rC++} (You found it on level 6 of the Dungeon)
  6141 | D:7      | Reached skill level 6 in Unarmed Combat
  6370 | D:7      | Reached XP level 9. HP: 46/47 MP: 13/13
  6413 | D:7      | Reached skill level 1 in Invocations
  6592 | D:7      | Found an opulent altar of Gozag.
  6593 | D:7      | Found an iron altar of Okawaru.
  6891 | D:7      | Found a staircase to the Ecumenical Temple.
  7001 | D:7      | Reached ** piety under Makhleb
  7160 | D:7      | Reached skill level 7 in Unarmed Combat
  7381 | D:5      | Bought a wand of iceblast (8/15) for 144 gold pieces
  7600 | D:8      | Found a shadowy altar of Dithmenos.
  7644 | D:8      | HP: 2/48 [hippogriff (5)]
  7644 | D:8      | Slain by a hippogriff

Skill      XL: |  1  2  3  4  5  6  7  8  9 |
---------------+----------------------------+-----
Fighting       | 1 2 3 4 5 6 |  6.3
Transmutations | 3 4 6 |  6.8
Stealth        | 2 3 4 5 |  5.5
Unarmed Combat | 4 5 6 7 |  7.2
Poison Magic   | 2 |  2.0
Invocations    | 2 |  2.9
Dodging        | |  1.5
Spellcasting   | |  2.1

Action                   |  1- 3 |  4- 6 |  7- 9 || total
-------------------------+-------+-------+-------++-------
Melee: Unarmed           |    16 |       |    67 ||    83
       Bite              |    19 |    30 |    66 ||   115
       Kick              |     6 |    21 |    21 ||    48
       Headbutt          |     7 |     8 |    26 ||    41
       Dagger            |    70 |   129 |    87 ||   286
       Punch             |     2 |       |     8 ||    10
       Short sword       |       |       |   173 ||   173
Throw: Stone             |     2 |       |       ||     2
 Cast: Beastly Appendage |    24 |    31 |    47 ||   102
       Sticks to Snakes  |     1 |     1 |     7 ||     9
       Spider Form       |       |       |     9 ||     9
  Use: Scroll            |       |       |    18 ||    18
 Stab: Sleeping          |     3 |     7 |     7 ||    17
       Distracted        |       |       |     3 ||     3
  Eat: Chunk             |     3 |     6 |    16 ||    25
Armor: Robe              |    11 |    16 |    10 ||    37
       Leather armour    |       |       |    35 ||    35
       Skin              |       |       |     3 ||     3
Dodge: Dodged            |    53 |    77 |   184 ||   314
